 Dungeon Crawl Stone Soup version 0.20-a0-792-g09bcfd3 (webtiles) character file.

4 Gorice the Covered (level 1, -1/12 HPs)
             Began as a Kobold Wanderer on Feb 28, 2017.
             Slain by a hobgoblin
             ... wielding a +0 club
              (6 damage)
             ... on level 1 of the Dungeon.
             The game lasted 00:00:52 (79 turns).

Gorice the Covered (Kobold Wanderer)                  Turns: 79, Time: 00:00:53

Health: -1/12      AC:  2    Str: 10    XL:     1   Next: 66%
Magic:  2/2        EV: 13    Int: 12    God:
Gold:   0          SH:  0    Dex: 14    Spells: 2/2 levels left

rFire    . . .     SeeInvis .   d - +0 dagger
rCold    . . .     Gourm    .   c - +0 robe
rNeg     . . .     Faith    .   (shield restricted)
rPois    .         Spirit   .   (no helmet)
rElec    .         Reflect  .   (no cloak)
rCorr    .         Harm     .   (no gloves)
MR       .....                  (no boots)
Stlth    ++........             (no amulet)
Regen    0.1/turn               (no ring)
MPRegen  0.1/turn               (no ring)

@: no status effects
A: carnivore 3
a: no special abilities


You were on level 1 of the Dungeon.
You were not hungry.

You visited 1 branch of the dungeon, and saw 1 of its levels.

Inventory:

Hand Weapons
 d - a +0 dagger (weapon)
Armour
 c - a +0 robe (worn)
Potions
 e - a potion of cancellation {unknown}
Books
 a - a book of Changes
Comestibles
 f - a meat ration {!e}


   Skills:
 - Level 1.1 Fighting
 * Level 1.5 Short Blades
   Level 1.0 Maces & Flails
 - Level 2.4 Armour
 - Level 1.3 Stealth
   Level 1.0 Shields
 - Level 1.1 Spellcasting
   Level 2.0 Transmutations


You had 2 spell levels left.
You didn't know any spells.

Dungeon Overview and Level Annotations

Branches:
Dungeon (1/15)

Altars:


Innate Abilities, Weirdness & Mutations

You are small and have problems with some larger weapons.
You are carnivorous and can eat meat at any time.


Message History

You closely miss the hobgoblin.
The hobgoblin is moderately wounded.
The hobgoblin barely misses you.
You hit the hobgoblin but do no damage.
The hobgoblin is moderately wounded.
The hobgoblin hits you with a club.
Damage: 2 (max 2)
You hit the hobgoblin.
The hobgoblin is heavily wounded.
The hobgoblin hits you with a club.
* * * LOW HITPOINT WARNING * * *
Damage: 3 (max 3)
You are too injured to fight recklessly!
You are too injured to fight recklessly!
The hobgoblin closely misses you. The hobgoblin hits you with a club.
* * * LOW HITPOINT WARNING * * *
Damage: 3 (max 3)
The hobgoblin barely misses you.
You feel better.
The hobgoblin hits you but does no damage.
You hit the hobgoblin.
The hobgoblin is lightly wounded.
The hobgoblin barely misses you.
You hit the hobgoblin.
The hobgoblin is severely wounded.
The hobgoblin misses you.
You barely miss the hobgoblin.
The hobgoblin is severely wounded.
You hit the hobgoblin but do no damage.
The hobgoblin is severely wounded.
The hobgoblin hits you with a club.
* * * LOW HITPOINT WARNING * * *
Damage: 5 (max 5)
You hit the hobgoblin but do no damage.
The hobgoblin is severely wounded.
The hobgoblin hits you but does no damage.
You hit the hobgoblin.
The hobgoblin is almost dead.
The hobgoblin barely misses you.
You closely miss the hobgoblin.
The hobgoblin is almost dead.
The hobgoblin misses you.
You hit the hobgoblin.
You kill the hobgoblin!
You hit the hobgoblin.
The hobgoblin is moderately wounded.
The hobgoblin hits you with a club.
Ouch! That really hurt!
You die...

... ##..# ###...####
##...#....###.
######..##............
......................
#.###..###...........
##.###.## #.........#
######...g@.# #.........#
#.......########.........##
#..?...## #...[..........#.
#.....## ##.####...........
#.....# #..####.........##
####### #...............#
##############.## #..<..#.#
##...##.#


You could see a hobgoblin.

Vanquished Creatures
  A bat (D:1)
  A hobgoblin (D:1)
  2 frilled lizards (D:1)
4 creatures vanquished.

Notes
Turn   | Place    | Note
-------+----------+-------------------------------------------
     0 | D:1      | Gorice the Kobold Wanderer began the quest for the Orb.
     0 | D:1      | Gorice set off with: a book of Changes, a potion of curing, a +0 robe, a +0 dagger, a meat ration {!e}
     0 | D:1      | Reached XP level 1. HP: 12/12 MP: 2/2
    21 | D:1      | Reached skill level 1 in Short Blades
    65 | D:1      | HP: 3/12 [hobgoblin/club (3)]
    79 | D:1      | Slain by a hobgoblin

Vault maps used:
D:1:      saegor_arrival_simple_c

Skill      XL: |  1 |
---------------+----+-----
Short Blades   | 1 |  1.5
Fighting       | |  1.1
Maces & Flails | |  1.0
Armour         | |  2.4
Stealth        | |  1.3
Shields        | |  1.0
Spellcasting   | |  1.1
Transmutations | |  2.0

Action                   || total
-------------------------++-------
Melee: Dagger            ||    17
  Use: Potion            ||     1
 Stab: Sleeping          ||     2
  Eat: Chunk             ||     1
Armor: Robe              ||     2
Dodge: Dodged            ||    10

Table legend:
 A = Turns spent in this place as a percentage of turns spent in the entire game.
 B = Non-inter-level travel turns spent in this place as a percentage of non-inter-level travel turns spent in the entire game.
 C = Inter-level travel turns spent in this place as a percentage of turns spent in this place.
 D = Turns resting spent in this place as a percentage of non-inter-level travel turns spent in this place.
 E = Turns spent auto-exploring this place as a percentage of non-inter-level travel turns spent in this place.
 F = Non-inter-level travel turns spent in this place divided by the number of levels of this place that you've seen.
                   A       B       C       D       E      F
               +-------+-------+-------+-------+-------+----------------------
         Total | 100.0 | 100.0 |   0.0 |   0.0 |   5.3 |  57.0
       Dungeon | 100.0 | 100.0 |   0.0 |   0.0 |   5.3 |  57.0
               +-------+-------+-------+-------+-------+----------------------

Vault maps used:
D:1:      saegor_arrival_simple_c
